 Dungeon Crawl Stone Soup version 0.29-a0-541-gaf1fc19f1b (webtiles) character file.

Game seed: 1081822551415772944

3829 jlumianski the Chopper (level 10, -9/61 HPs)
             Began as a Gargoyle Fighter on June 3, 2022.
             Was an Elder of Okawaru.
             Mangled by an orc warlord
             ... wielding a +1 halberd of flaming
              (20 damage)
             ... in a bailey.
             The game lasted 00:27:30 (9160 turns).

jlumianski the Chopper (Gargoyle Fighter)           Turns: 9160, Time: 00:27:34

Health: -9/61      AC: 28    Str: 25    XL:     10   Next: 17%
Magic:  8/14       EV: 23    Int:  8    God:    Okawaru [****..]
Gold:   184        SH: 11    Dex:  9    Spells: 9/9 levels left

rFire   . . .      SeeInvis .   a - +2 war axe (venom)
rCold   . . .      Faith    .   r - +0 kite shield
rNeg    + . .      Spirit   .   u - +0 plate armour
rPois   ∞          Reflect  .   o - +2 helmet
rElec   +          Harm     .   w - scarf {repulsion}
rCorr   .          Rampage  .   H - +1 pair of gloves
Will    .....                   (no boots)
Stlth   ..........              n - amulet of the acrobat
HPRegen 0.20/turn               C - ring of wizardry
MPRegen 0.14/turn               t - ring of flight

@: heroic, acrobatic, flying, repel missiles
A: sickness immunity, AC +7, negative energy resistance 1, electricity
resistance, torment resistance 1, petrification resistance
a: Renounce Religion, Heroism, Finesse


You were in a bailey.
You worshipped Okawaru.
Okawaru was greatly pleased with you.
You visited 2 branches of the dungeon, and saw 9 of its levels.
You also visited: Bailey.

You collected 267 gold pieces.
You spent 83 gold pieces at shops.

Inventory:

Hand Weapons
 a - a +2 war axe of venom (weapon)
 i - a +1 trident of freezing
 m - a +4 hunting sling
 x - a +3 falchion of venom
 D - a +1 flail of protection
Missiles
 g - 231 stones
 q - 13 boomerangs (quivered)
 G - 8 poisoned darts
Armour
 b - a +0 scale mail
 c - a +0 buckler
 o - a +2 helmet (worn)
 r - a +0 kite shield (worn)
 u - a +0 plate armour (worn)
 w - a scarf of repulsion (worn)
 y - a +3 leather armour of willpower
 H - a +1 pair of gloves (worn)
Jewellery
 h - a ring of ice
 n - an amulet of the acrobat (around neck)
 t - a ring of flight (right hand)
 C - a ring of wizardry (left hand)
Wands
 v - a wand of flame (18)
 B - a wand of digging (3)
Scrolls
 e - 2 scrolls of teleportation
 k - 3 scrolls of immolation
 s - 2 scrolls of fear
 I - a scroll of enchant weapon
Potions
 d - 3 potions of might
 f - 7 potions of curing
 j - 2 potions of flight
 l - 2 potions of heal wounds
 p - a potion of mutation
 z - a potion of lignification
 A - a potion of haste {unknown}
 E - a potion of attraction {unknown}
 F - a potion of resistance {unknown}


   Skills:
 + Level 6.5(11.5) Fighting
 + Level 7.6(12.6) Axes
 + Level 2.2(7.3) Slings
 + Level 1.0(6.7) Throwing
 + Level 5.7(10.7) Armour
 + Level 1.3(6.3) Dodging
 * Level 6.4(11.4) Stealth
 + Level 6.3(11.3) Shields
 * Level 5.4 Invocations


You had 9 spell levels left.
You didn't know any spells.
Your spell library contained the following spells:

 Spells                   Type           Power      Damage    Failure   Level
 Ensorcelled Hibernation  Hex/Ice        0%         N/A       99%         2
 Ozocubu's Armour         Ice            0%         N/A       100%        3
 Spider Form              Tmut/Pois      0%         N/A       100%        3
 Anguish                  Hex/Necr       0%         N/A       100%        4
 Ozocubu's Refrigeration  Ice            0%         4d5       100%        7


Dungeon Overview and Level Annotations

Branches:
Dungeon (8/15)             Temple (1/1) D:4            Lair (0/6) D:8
 Bailey (1/1)

Altars:
Ashenzari
Elyvilon
Fedhas
Gozag
Hepliaklqana
Nemelex Xobeh
Okawaru
Ru
Sif Muna
Trog
Uskayaw
Vehumet
Wu Jian
Xom
Zin
The Shining One

Shops:
D:8 [!([


Innate Abilities, Weirdness & Mutations

You are immune to sickness and miasma.
Your stone body is resilient. (AC +7)
You are immune to poison.
You resist negative energy. (rN+)
You are resistant to electric shocks. (rElec)
You are resistant to unholy torment.
You are immune to petrification.


Message History

You hit the orc warlord but do no damage.
The orc warlord looks even sicker.
The orc warlord is moderately wounded.
You closely miss the orc warrior. You block the orc warlord's attack.
You block the orc warrior's attack.
You slash the orc warlord!
The orc warlord is moderately wounded.
You slash the orc warrior!
You kill the orc warrior!
Okawaru accepts your kill.
You hit the orc warlord.
The orc warlord looks as sick as possible!
The orc warlord is moderately wounded.
The orc warlord hits you with a +1 halberd of flaming!
The orc warlord burns you.
* * * LOW HITPOINT WARNING * * *
You feel much better.
The orc warlord hits you with a +1 halberd of flaming.
The orc warlord burns you.
You closely miss the orc warlord.
The orc warlord is heavily wounded.
You slash the orc warlord!
The orc warlord is heavily wounded.
You block the orc warlord's attack.
You barely miss the orc warlord.
The orc warlord is heavily wounded.
You slice the orc warlord!!
The orc warlord is severely wounded.
The orc warlord hits you with a +1 halberd of flaming!!
* * * LOW HITPOINT WARNING * * *
The orc warlord burns you.
* * * LOW HITPOINT WARNING * * *
The orc warlord attacks as you move away!
The orc warlord hits you with a +1 halberd of flaming.
* * * LOW HITPOINT WARNING * * *
The orc warlord burns you.
* * * LOW HITPOINT WARNING * * *
Your hands slow down.
The orc warlord hits you from afar with a +1 halberd of flaming!!
You die...

###.### ###.#
###.....### ###....
##.........###......
#...........#..))...
#...........'..))...
#.....⌠.....#..)).⌠.
#...........#...)...
#...........#.......
###)@.......###......
###.#)#.....###
###....
###...o)###.### ###.#
#.........### ###
..........8# #.
!.........8# #.
∩....⌠.....'..g #.
?.........8#.og #.
??........8##.. #.


You could see an orc warlord (very poisoned).

Vanquished Creatures
  Eustachio (D:5)
  2 wyverns (D:8)
  A basilisk (D:8)
  6 water moccasins
  9 orc warriors (Bailey)
  An ice beast (D:4)
  4 black bears (D:8)
  2 wolves (D:8)
  A centaur (D:8)
  A phantom (D:6)
  A scorpion (D:5)
  3 necrophages
  A howler monkey (D:6)
  A jelly (D:6)
  4 orc priests
  3 hounds
  7 iguanas
  2 orc wizards (D:6)
  9 gnolls (Bailey)
  4 adders
  A shadow imp (D:5)
  An ufetubus (D:5)
  A worm (D:1)
  2 dart slugs
  29 orcs
  5 bats
  7 endoplasms
  2 giant cockroaches
  20 goblins
  11 hobgoblins
  2 jackals (D:2)
  A quokka (D:5)
  4 ball pythons
  2 frilled lizards
  7 kobolds
  5 rats
163 creatures vanquished.

Vanquished Creatures (others)
  2 fungi (D:8)
  18 plants
20 creatures vanquished.

Grand Total: 183 creatures vanquished

Notes
Turn   | Place    | Note
-------+----------+-------------------------------------------
     0 | D:1      | jlumianski the Gargoyle Fighter began the quest for the
                  | Orb.
     0 | D:1      | Reached XP level 1. HP: 14/14 MP: 1/1
   299 | D:1      | Reached XP level 2. HP: 19/19 MP: 2/2
  1486 | D:2      | Reached skill level 2 in Axes
  1486 | D:2      | Reached XP level 3. HP: 13/23 MP: 3/3
  1733 | D:2      | Found a faded altar of an unknown god.
  2360 | D:3      | Reached XP level 4. HP: 17/28 MP: 4/4
  3165 | D:3      | Reached skill level 1 in Slings
  3646 | D:4      | Found a staircase to the Ecumenical Temple.
  3659 | Temple   | Entered the Ecumenical Temple
  3899 | Temple   | Became a worshipper of Warmaster Okawaru
  3971 | D:4      | Reached skill level 3 in Axes
  3971 | D:4      | Reached XP level 5. HP: 28/32 MP: 5/5
  4013 | D:4      | Reached skill level 1 in Dodging
  4576 | D:4      | Reached XP level 6. HP: 29/39 MP: 6/6
  4803 | D:5      | Entered Level 5 of the Dungeon
  4834 | D:5      | Noticed an ice beast
  4842 | D:4      | HP: 1/39 [ice beast (13)]
  4844 | D:4      | Killed an ice beast
  4844 | D:4      | Reached * piety under Okawaru
  5136 | D:5      | Noticed Eustachio
  5162 | D:5      | Killed Eustachio
  5163 | D:5      | Reached skill level 1 in Stealth
  5163 | D:5      | Reached skill level 1 in Invocations
  5163 | D:5      | Reached XP level 7. HP: 27/44 MP: 7/7
  5318 | D:5      | Reached skill level 4 in Axes
  6386 | D:6      | Reached XP level 8. HP: 48/48 MP: 9/9
  6486 | D:6      | Reached ** piety under Okawaru
  6877 | D:6      | Reached skill level 5 in Axes
  7204 | D:6      | Reached skill level 5 in Fighting
  7294 | D:6      | Reached skill level 5 in Shields
  7315 | D:6      | Found an ornate altar of the Wu Jian Council.
  8009 | D:8      | Found Nemi's Antique Armour Shoppe.
  8021 | D:8      | Found Mih Ben's Distillery.
  8029 | D:8      | Bought a potion of heal wounds for 65 gold pieces
  8163 | D:8      | Found Tocuy's Armour Shoppe.
  8174 | D:8      | Found Atenaurph's Weapon Boutique.
  8175 | D:8      | Noticed a wyvern
  8192 | D:8      | Killed a wyvern
  8223 | D:8      | Reached *** piety under Okawaru
  8224 | D:8      | Reached skill level 6 in Axes
  8224 | D:8      | Reached XP level 9. HP: 40/54 MP: 11/11
  8246 | D:8      | Reached skill level 5 in Armour
  8274 | D:8      | Reached skill level 5 in Stealth
  8291 | D:8      | Reached skill level 1 in Throwing
  8301 | D:8      | Found a staircase to the Lair.
  8336 | D:8      | Bought 3 boomerangs for 18 gold pieces
  8484 | D:8      | Reached **** piety under Okawaru
  8555 | D:8      | Found a flagged portal.
  8575 | Bailey   | Entered a bailey
  8710 | Bailey   | Reached skill level 7 in Axes
  8833 | Bailey   | Reached skill level 5 in Invocations
  8983 | Bailey   | Reached XP level 10. HP: 44/61 MP: 13/13
  9128 | Bailey   | Noticed an orc warlord
  9160 | Bailey   | Mangled by an orc warlord

Illustrated notes

Levels and vault maps discovered:
D:1:      psy_arrival_radial02, layout_basic, serial_bayou, serial_bayou_pond_d,
          serial_bayou_lagoon_a, serial_bayou_pond_a, serial_bayou_pond_e,
          serial_bayou_pond_a, serial_bayou_pond_d
D:2:      layout_loops_corners, hellmonk_ecumenical_altar_zigzags,
          kennysheep_generic_room_11
D:3:      layout_loops_ring, serial_bayou_pond_c
D:4:      layout_gridville, minmay_temple_entry_tees
D:5:      layout_loops_cross, uniq_eustachio
D:6:      layout_layer_cave, mainiacjoe_overflow_alcove_2
D:7:      minmay_cornered_nines, layout_basic, uniq_menkaure
D:8:      layout_loops_corners, minitemple, minmay_lair_entry_grove,
          enter_bailey_4, serial_shops, shop, shop, nicolae_shop_waterfront,
          nicolae_diamond_shop, shop
Temple:   regret_index_temple_generic_petals
Bailey:   bailey_axe_minmay_hex_keep, bailey

Skill      XL: |  1  2  3  4  5  6  7  8  9 |
---------------+----------------------------+-----
Shields        | 4 5 6 |  6.3
Axes           | 2 3 4 6 7 |  7.6
Slings         | 1 2 |  2.2
Dodging        | 1 |  1.3
Fighting       | 4 5 6 |  6.5
Armour         | 4 5 |  5.7
Stealth        | 1 2 3 6 |  6.4
Invocations    | 1 2 3 5 |  5.4
Throwing       | 1 |  1.0

Action                   |  1- 3 |  4- 6 |  7- 9 | 10-12 || total
-------------------------+-------+-------+-------+-------++-------
Melee: War axe           |   143 |    90 |   252 |    51 ||   536
 Fire: Hunting sling     |    19 |    14 |       |       ||    33
Throw: Stone             |     5 |     4 |       |       ||     9
       Boomerang         |       |     9 |     5 |       ||    14
Invok: Heroism           |       |     1 |       |     1 ||     2
       Finesse           |       |       |       |     1 ||     1
  Use: Scroll            |       |    11 |     8 |       ||    19
       Potion            |       |     1 |     1 |     1 ||     3
Armor: Scale mail        |    94 |    25 |       |       ||   119
       Plate armour      |       |    20 |   210 |    18 ||   248
Dodge: Dodged            |    98 |    33 |   105 |    14 ||   250
Block: Buckler           |    36 |     7 |       |       ||    43
       Kite shield       |       |    32 |   143 |    19 ||   194

Table legend: (Time is in decaauts)
 A = Elapsed time spent in this place.
 B = Non-inter-level travel time spent in this place.
 C = Inter-level travel time spent in this place.
 D = Time resting spent in this place.
 E = Time spent auto-exploring this place.
 F = Levels seen in this place.
 G = Mean time per level.
                   A        B        C        D        E       F      G
               +--------+--------+--------+--------+--------+-----+--------+
         Total |   9403 |   9295 |    108 |   1359 |   5282 |  10 |  940.3 |
       Dungeon |   8542 |   8434 |    108 |   1190 |   5062 |   8 | 1067.8 |
        Temple |    261 |    261 |      0 |      0 |    220 |   1 |  261.0 |
        Bailey |    598 |    598 |      0 |    169 |      0 |   1 |  598.0 |
               +--------+--------+--------+--------+--------+-----+--------+

Top non-repeatable levels by time:
     D:6: 1689 daAuts
     D:1: 1427 daAuts
     D:2: 1400 daAuts
     D:4: 1213 daAuts
     D:5: 1124 daAuts
     D:3: 959 daAuts
     D:8: 602 daAuts
  Bailey: 598 daAuts
  Temple: 261 daAuts
     D:7: 126 daAuts
